[Event "Titled Tuesday Blitz August 10 2021"]
[White "Bortnyk, Olexandr"]
[Black "Petriashvili, Nikoloz"]
[WhiteFideId "14120828"]
[BlackFideId "13611216"]
[WhiteElo "2723"]
[BlackElo "2430"]
[Result "1-0"]
[Round "04"]
[TimeControl "180+1"]
[Date "2021.08.10"]
[WhiteClock "0:01:15"]
[BlackClock "0:02:15"]

1. e4 c5 2. c3 Nf6 3. e5 Nd5 4. d4 cxd4 5. Nf3 Nc6 6. cxd4 d6 7. Bc4 dxe5 8. Nxe5 e6 9. O-O Be7 10. Nf3 O-O 11. Nc3 Bf6 12. Re1 Nce7 13. Ne4 b6 14. Nxf6+ Nxf6 15. Bg5 Ng6 16. Ne5 Bb7 17. h4 Nxe5 18. dxe5 Qxd1 19. Rexd1 Nd5 20. a4 Rfc8 21. b3 h6 22. Bd2 a5 23. Bc1 Nc3 24. Rd6 Bd5 25. Bd3 Bc4 26. Bxc4 1-0


[Site "https://www.chess.com"]

[Event "Titled Tuesday Blitz August 10 2021"]
[White "Briscoe, Chris"]
[Black "Timofeev, Artyom"]
[WhiteFideId "408360"]
[BlackFideId "4140419"]
[WhiteElo "2111"]
[BlackElo "2582"]
[Result "0-1"]
[Round "04"]
[TimeControl "180+1"]
[Date "2021.08.10"]
[WhiteClock "0:01:02"]
[BlackClock "0:01:55"]

1. e4 e6 2. d4 d5 3. Nc3 dxe4 4. Nxe4 Nd7 5. Nf3 Ngf6 6. Nxf6+ Nxf6 7. Bd3 c5 8. c3 cxd4 9. cxd4 Bb4+ 10. Bd2 Be7 11. O-O O-O 12. Ne5 Qxd4 13. Bc3 Qb6 14. Qf3 Nd5 15. Bxh7+ Kxh7 16. Qh5+ Kg8 17. Nc4 Qd8 18. Bxg7 Kxg7 19. Rad1 Rh8 20. Qg4+ Kf8 21. Ne5 Bf6 22. Rfe1 Bxe5 23. Rxe5 Qh4 0-1


[Site "https://www.chess.com"]

[Event "Titled Tuesday Blitz August 10 2021"]
[White "Csonka, Balazs"]
[Black "Kozionov, Kirill"]
[WhiteFideId "742910"]
[BlackFideId "24101729"]
[WhiteElo "2404"]
[BlackElo "2501"]
[Result "0-1"]
[Round "04"]
[TimeControl "180+1"]
[Date "2021.08.10"]
[WhiteClock "0:00:03"]
[BlackClock "0:00:09"]

1. e4 c5 2. Nf3 d6 3. Bb5+ Nd7 4. O-O a6 5. Bd3 Ngf6 6. c3 e6 7. Bc2 b5 8. d4 Bb7 9. Re1 Be7 10. Nbd2 Qc7 11. Nf1 O-O 12. Ng3 Rfe8 13. h3 Rac8 14. Bd3 Bf8 15. Be3 g6 16. a3 Bg7 17. Rc1 Qb8 18. Qd2 cxd4 19. cxd4 Rxc1 20. Rxc1 Rc8 21. Rxc8+ Qxc8 22. Qc2 Qxc2 23. Bxc2 Kf8 24. Kf1 Ke7 25. Ke2 h6 26. Nd2 Ne8 27. f3 Nc7 28. Nb3 Ba8 29. Nf1 Nb6 30. Na5 Nd7 31. Nd2 f5 32. g4 fxe4 33. Bxe4 Nd5 34. Bxg6 e5 35. dxe5 Nxe5 36. Be4 Nxe3 37. Kxe3 d5 38. Bf5 d4+ 39. Ke2 Bd5 40. Nab3 Nc4 41. Nc5 a5 42. Nxc4 bxc4 43. Be4 Kd6 44. Bxd5 Kxd5 45. Ne4 d3+ 46. Kd2 Bxb2 47. a4 Kd4 48. h4 c3+ 49. Nxc3 Bxc3+ 50. Kd1 Ke3 51. g5 hxg5 52. hxg5 Kxf3 53. g6 Kf4 54. Kc1 Kf5 55. g7 Bxg7 56. Kd2 Ke4 0-1


[Site "https://www.chess.com"]

[Event "Titled Tuesday Blitz August 10 2021"]
[White "Demidov, Mikhail"]
[Black "Le, Tuan Minh"]
[WhiteFideId "4197143"]
[BlackFideId "12401153"]
[WhiteElo "2559"]
[BlackElo "2450"]
[Result "1/2-1/2"]
[Round "04"]
[TimeControl "180+1"]
[Date "2021.08.10"]
[WhiteClock "0:00:02"]
[BlackClock "0:00:06"]

1. Nf3 d5 2. d4 Nf6 3. Bf4 Bf5 4. e3 e6 5. c4 Bxb1 6. Qxb1 Bb4+ 7. Kd1 Bd6 8. Bg3 c5 9. cxd5 Nxd5 10. Bb5+ Nc6 11. Ke2 O-O 12. Bxc6 bxc6 13. dxc5 Bxc5 14. Rc1 Qb6 15. Kf1 Be7 16. Kg1 c5 17. Qc2 Rfd8 18. Rab1 Rac8 19. Qc4 Qa5 20. a3 Nb6 21. Qc3 Qa4 22. Be5 Bf8 23. Qc2 Qb5 24. Rd1 h6 25. h3 Rd5 26. e4 Rdd8 27. Rxd8 Rxd8 28. Rd1 Rd7 29. Rxd7 Qxd7 30. Bc3 c4 31. Qd2 Qc6 32. Qd4 f6 33. Nd2 Bc5 34. Qd8+ Kh7 35. Bd4 e5 36. Bxc5 Qxc5 37. Nf3 c3 38. bxc3 Qxc3 39. Qe7 a5 40. Kh2 Qc2 41. Qb7 Qxf2 42. Qc6 Qe3 43. Qe6 Qf4+ 44. Kh1 Na4 45. Qc4 Nb2 46. Qc2 a4 47. Qxb2 Qxe4 48. Kh2 Qf4+ 49. Kh1 e4 50. Qc2 f5 51. Ng1 Qe5 52. Qxa4 Qc3 53. Qb5 g6 54. a4 Qe1 55. a5 f4 56. Qd7+ Kg8 57. Qe8+ Kg7 58. Qe7+ Kg8 59. Qe8+ Kg7 60. Qe5+ Kh7 61. Qxf4 Qxa5 62. Qxe4 Qc7 63. Nf3 Qc1+ 64. Kh2 Qc7+ 65. Qe5 Qf7 66. Nd4 Qd7 67. Ne6 Qe7 68. Kg3 Qa3+ 69. Kh2 Qe7 70. Qd5 Qf6 71. Qd7+ Kg8 72. Qe8+ Kh7 73. Qd7+ Kg8 74. Qc8+ Kf7 75. Qd7+ Kg8 1/2-1/2


[Site "https://www.chess.com"]

[Event "Titled Tuesday Blitz August 10 2021"]
[White "Goryachkina, Aleksandra"]
[Black "Lintchevski, Daniil"]
[WhiteFideId "4147103"]
[BlackFideId "4171055"]
[WhiteElo "2441"]
[BlackElo "2494"]
[Result "0-1"]
[Round "04"]
[TimeControl "180+1"]
[Date "2021.08.10"]
[WhiteClock "0:00:02"]
[BlackClock "0:00:21"]

1. e4 c6 2. d4 d5 3. e5 Bf5 4. Nf3 e6 5. Be2 c5 6. O-O Nc6 7. c3 cxd4 8. cxd4 Nge7 9. a3 Bg6 10. Nc3 Nf5 11. b4 Be7 12. Bb2 O-O 13. Rc1 Rc8 14. Na4 b6 15. h3 Rc7 16. Nc3 a5 17. b5 Na7 18. g4 Nh6 19. Na4 Nc8 20. Qd2 Be4 21. Rxc7 Qxc7 22. Rc1 Qd8 23. Qc3 f5 24. Qc6 fxg4 25. Qxe6+ Kh8 26. hxg4 Nf7 27. Qc6 Bg5 28. Rc3 Bf4 29. Qc7 Qe8 30. Qc6 Qe7 31. Nxb6 Nxb6 32. Qxb6 h5 33. Rc7 Qd8 34. Qb7 Kg8 35. Rd7 Qe8 36. Re7 Qc8 37. Qxc8 Rxc8 38. b6 Rc2 39. e6 Nd6 40. b7 Rxb2 41. gxh5 Rxb7 42. Rxb7 Nxb7 0-1


[Site "https://www.chess.com"]

[Event "Titled Tuesday Blitz August 10 2021"]
[White "Dronavalli, Harika"]
[Black "Vokhidov, Shamsiddin"]
[WhiteFideId "5015197"]
[BlackFideId "14204223"]
[WhiteElo "2422"]
[BlackElo "2572"]
[Result "1/2-1/2"]
[Round "04"]
[TimeControl "180+1"]
[Date "2021.08.10"]
[WhiteClock "0:00:34"]
[BlackClock "0:00:31"]

1. Nf3 c5 2. c4 Nf6 3. g3 g6 4. b3 Bg7 5. Bb2 O-O 6. Bg2 Nc6 7. O-O d6 8. d4 Ne4 9. e3 Bg4 10. h3 Bxf3 11. Bxf3 Ng5 12. Bg2 cxd4 13. exd4 Ne6 14. Bxc6 bxc6 15. Na3 d5 16. Rc1 dxc4 17. Rxc4 Qd5 18. Nc2 Rfd8 19. Ne3 Qd7 20. Qc2 Nxd4 21. Bxd4 Bxd4 22. Rd1 c5 23. h4 Qe6 24. Ng2 Qf6 25. Nf4 e5 26. Nd3 Qf3 27. Kh2 e4 28. Nxc5 Bxc5 29. Rxd8+ Rxd8 30. Rxc5 e3 31. Rc8 exf2 32. Rxd8+ Kg7 33. Rd1 f1=Q 34. Rxf1 Qxf1 35. Qc3+ Kg8 36. Qd2 a6 37. b4 Qc4 38. a4 h5 39. Qb2 Qc6 40. b5 axb5 41. axb5 Qb6 42. Qe2 Kf8 43. Kg2 Qb7+ 44. Kf2 Qb6+ 45. Kf3 Qf6+ 46. Ke3 Qe5+ 47. Kf2 Qc5+ 48. Kf3 Qd5+ 49. Kf2 Qc5+ 50. Kf1 Qf5+ 51. Ke1 Qb1+ 52. Kd2 Qb2+ 53. Ke3 Qe5+ 54. Kf2 Qc5+ 1/2-1/2


[Site "https://www.chess.com"]

[Event "Titled Tuesday Blitz August 10 2021"]
[White "Indjic, Aleksandar"]
[Black "Delorme, Alban"]
[WhiteFideId "911925"]
[BlackFideId "623636"]
[WhiteElo "2643"]
[BlackElo "2197"]
[Result "1-0"]
[Round "04"]
[TimeControl "180+1"]
[Date "2021.08.10"]
[WhiteClock "0:01:05"]
[BlackClock "0:00:20"]

1. d4 d5 2. Nf3 Nf6 3. c4 e6 4. Bg5 Be7 5. Qc2 Nbd7 6. Nbd2 O-O 7. e3 b6 8. cxd5 exd5 9. Bd3 Bb7 10. O-O c5 11. dxc5 bxc5 12. Bf5 g6 13. Bxd7 Qxd7 14. Bxf6 Bxf6 15. Qxc5 Bxb2 16. Rab1 Bg7 17. Nb3 Rac8 18. Qa5 Rc2 19. Rfd1 Rfc8 20. Qxa7 Ra8 21. Nc5 Rxa7 22. Nxd7 Rcxa2 23. Nd4 Bxd4 24. exd4 Kg7 25. h4 Ba6 26. Ne5 Bc4 27. Rbc1 Rc7 28. Rc3 f6 29. Ng4 Re7 30. Ne3 Ra4 31. Kh2 Re4 32. Kg3 Be2 33. Rd2 Bc4 34. f3 Re7 35. Rb2 f5 36. Kf4 h6 37. Nxc4 dxc4 38. Rbc2 Rc7 39. Ke5 Ra5+ 40. d5 Rac5 41. Kd6 Rc8 42. Re2 R8c7 43. Re7+ Rxe7 44. Kxc5 Rc7+ 45. Kd6 Rc8 46. Ke7 Rc5 47. d6 Re5+ 48. Kd8 Rc5 49. Ke7 Re5+ 50. Kd7 Rc5 51. Ke6 g5 52. d7 1-0


[Site "https://www.chess.com"]

[Event "Titled Tuesday Blitz August 10 2021"]
[White "Jobava, Baadur"]
[Black "Nakamura, Hikaru"]
[WhiteFideId "13601520"]
[BlackFideId "2016192"]
[WhiteElo "2748"]
[BlackElo "2900"]
[Result "1-0"]
[Round "04"]
[TimeControl "180+1"]
[Date "2021.08.10"]
[WhiteClock "0:01:14"]
[BlackClock "0:01:17"]

1. e4 e5 2. Nf3 Nc6 3. d4 exd4 4. Nxd4 Nf6 5. Nxc6 bxc6 6. Bd3 d5 7. exd5 cxd5 8. O-O c6 9. Re1+ Be7 10. h3 O-O 11. Nd2 Bd6 12. b3 Re8 13. Bb2 Rxe1+ 14. Qxe1 Nh5 15. Nf3 Nf4 16. Qc3 Bf8 17. Qxc6 Bxh3 18. gxh3 Rc8 19. Qa4 Bd6 20. Re1 Nxh3+ 21. Kf1 Nf4 22. Bf5 Rb8 23. Qd7 Qb6 24. Re8+ Rxe8 25. Qxe8+ Bf8 26. Ng5 1-0


[Site "https://www.chess.com"]

[Event "Titled Tuesday Blitz August 10 2021"]
[White "Kezin, Roman"]
[Black "Maghsoodloo, Parham"]
[WhiteFideId "24124621"]
[BlackFideId "12539929"]
[WhiteElo "2570"]
[BlackElo "2601"]
[Result "0-1"]
[Round "04"]
[TimeControl "180+1"]
[Date "2021.08.10"]
[WhiteClock "0:00:05"]
[BlackClock "0:00:11"]

1. d4 Nf6 2. c4 g6 3. Nc3 d5 4. cxd5 Nxd5 5. Nf3 Bg7 6. h4 c5 7. e4 Nxc3 8. bxc3 Qa5 9. Bd2 Bg4 10. Be2 Nc6 11. Rb1 Bxf3 12. gxf3 cxd4 13. cxd4 Qxa2 14. d5 Nd4 15. Rxb7 O-O 16. Kf1 Rfb8 17. Rxb8+ Rxb8 18. Bd3 Nxf3 19. Be3 Ne5 20. Kg2 a5 21. Bb1 Qa3 22. h5 Nc4 23. Bf4 Be5 24. Bg5 f6 25. Bh6 g5 26. Qg4 Qd6 27. Rc1 Nb6 28. Ba2 Kh8 29. Rc6 Qd7 30. Qxd7 Nxd7 31. Bc4 Bd6 32. Ra6 Ne5 33. Be2 Nf7 34. Bxg5 fxg5 35. Rxa5 Ne5 36. Ra7 h6 37. Bf1 Rf8 38. Ra2 Kg7 39. Be2 Rf4 40. f3 g4 41. fxg4 Rxe4 42. Bf3 Nxf3 43. Kxf3 Rf4+ 44. Ke3 Rxg4 0-1


[Site "https://www.chess.com"]

[Event "Titled Tuesday Blitz August 10 2021"]
[White "Kollars, Dmitrij"]
[Black "Nagy, Gabor"]
[WhiteFideId "12909572"]
[BlackFideId "737119"]
[WhiteElo "2576"]
[BlackElo "2562"]
[Result "1/2-1/2"]
[Round "04"]
[TimeControl "180+1"]
[Date "2021.08.10"]
[WhiteClock "0:00:28"]
[BlackClock "0:01:07"]

1. e4 e5 2. Nf3 Nc6 3. Nc3 Nf6 4. d4 exd4 5. Nxd4 Bb4 6. Nxc6 bxc6 7. Bd3 d5 8. Bd2 O-O 9. O-O Bxc3 10. Bxc3 Nxe4 11. Bxe4 dxe4 12. Qe2 Bf5 13. Qe3 Qd6 14. Rfe1 h6 15. Rad1 Qg6 16. Qf4 Rad8 17. Rxd8 Rxd8 18. Qxc7 Rd7 19. Qf4 Kh7 20. a4 Re7 21. Re3 Qg4 22. Qxg4 Bxg4 23. f3 Bf5 24. g4 Bg6 25. Kf2 f5 26. gxf5 Bxf5 27. Bd4 a6 28. Kg3 g5 29. b4 Kg6 30. h4 gxh4+ 31. Kxh4 Rd7 32. c3 Re7 33. Kg3 Re6 34. fxe4 Rxe4 35. Rxe4 1/2-1/2


[Site "https://www.chess.com"]

[Event "Titled Tuesday Blitz August 10 2021"]
[White "Makhnev, Denis"]
[Black "Peralta, Eduardo"]
[WhiteFideId "13707647"]
[BlackFideId "3700062"]
[WhiteElo "2537"]
[BlackElo "2205"]
[Result "0-1"]
[Round "04"]
[TimeControl "180+1"]
[Date "2021.08.10"]
[WhiteClock "0:00:05"]
[BlackClock "0:00:24"]

1. d4 c5 2. d5 Nf6 3. Nc3 g6 4. e4 d6 5. Bb5+ Nbd7 6. a4 Bg7 7. Nf3 O-O 8. O-O a6 9. Be2 b6 10. h3 Ne8 11. Bf4 Ne5 12. Nd2 f5 13. exf5 Bxf5 14. Bg3 Nc7 15. Re1 h6 16. Nf1 b5 17. axb5 axb5 18. Rxa8 Qxa8 19. Nxb5 Nxd5 20. Bxe5 dxe5 21. Bf3 e4 22. Bxe4 Bxe4 23. Rxe4 Nf4 24. Ng3 Kh8 25. Qg4 h5 26. Qg5 e5 27. Kh2 Qc6 28. c4 Qb6 29. Re3 Qc6 30. Ne4 Qe6 31. b3 Rf5 32. Qd8+ Rf8 33. Qd6 Qc8 34. Qxc5 Qa8 35. Nbd6 Qa1 36. Qc7 Qf1 37. Rg3 Ne2 38. Nf7+ Rxf7 39. Qc8+ Rf8 0-1


[Site "https://www.chess.com"]

[Event "Titled Tuesday Blitz August 10 2021"]
[White "Maze, Sebastien"]
[Black "Zhigalko, Sergei"]
[WhiteFideId "613762"]
[BlackFideId "13502956"]
[WhiteElo "2462"]
[BlackElo "2662"]
[Result "0-1"]
[Round "04"]
[TimeControl "180+1"]
[Date "2021.08.10"]
[WhiteClock "0:02:17"]
[BlackClock "0:02:28"]

1. e4 c5 2. Nc3 Nc6 3. Bb5 Nd4 4. Nf3 e6 5. O-O a6 6. Bd3 Nxf3+ 7. Qxf3 Bd6 8. Ne2 Qc7 9. h3 c4 10. e5 Bxe5 11. Be4 d5 12. Bxd5 exd5 13. Qxd5 Nf6 14. Qf3 O-O 0-1


[Site "https://www.chess.com"]

[Event "Titled Tuesday Blitz August 10 2021"]
[White "Molina, Roberto Junio Brito"]
[Black "Quparadze, Giga"]
[WhiteFideId "2109450"]
[BlackFideId "13602250"]
[WhiteElo "2402"]
[BlackElo "2658"]
[Result "0-1"]
[Round "04"]
[TimeControl "180+1"]
[Date "2021.08.10"]
[WhiteClock "0:00:03"]
[BlackClock "0:00:26"]

1. d4 Nf6 2. c4 e6 3. Nf3 b6 4. g3 Ba6 5. Qa4 c6 6. Nc3 Bb7 7. Bg2 Be7 8. O-O O-O 9. e4 b5 10. cxb5 cxb5 11. Qxb5 Ba6 12. Qb3 Bxf1 13. Kxf1 d5 14. Ne5 Na6 15. Qb7 Nb4 16. a3 Rb8 17. Qxa7 Ra8 18. Qb7 Qb8 19. Qxe7 dxe4 20. Nxe4 Nfd5 21. Nc5 Nc2 22. Rb1 Nxd4 23. Be3 Nf5 24. Qxf8+ Qxf8 25. Bxd5 exd5 26. Ned3 Nxe3+ 27. fxe3 Qe7 28. Re1 h5 29. Re2 h4 30. gxh4 Qxh4 31. Nf4 d4 32. Ncd3 dxe3 33. Rxe3 Qxh2 34. Re2 Qh1+ 35. Kf2 Ra4 36. Ke3 Qb1 37. Rf2 Ra8 38. Nd5 Re8+ 39. Kd4 Qg1 40. b4 Qa1+ 41. Kc4 Qxa3 42. b5 Re4# 0-1


[Site "https://www.chess.com"]

[Event "Titled Tuesday Blitz August 10 2021"]
[White "Nguyen, Ngoc Truong Son"]
[Black "Korchmar, Vasiliy"]
[WhiteFideId "12401110"]
[BlackFideId "24131750"]
[WhiteElo "2596"]
[BlackElo "2370"]
[Result "1/2-1/2"]
[Round "04"]
[TimeControl "180+1"]
[Date "2021.08.10"]
[WhiteClock "0:00:12"]
[BlackClock "0:00:26"]

1. e4 c5 2. Nf3 d6 3. d4 cxd4 4. Nxd4 Nf6 5. Nc3 Nc6 6. Bg5 e6 7. Qd2 a6 8. O-O-O h6 9. Be3 Be7 10. f3 Nxd4 11. Bxd4 b5 12. Kb1 b4 13. Na4 e5 14. Be3 Be6 15. Nb6 Rb8 16. Nd5 Nxd5 17. exd5 Bc8 18. Bd3 O-O 19. g4 Bh4 20. Bxh6 Qf6 21. Be3 Qxf3 22. g5 Bh3 23. Rhg1 a5 24. Be2 Qe4 25. Bd3 Qf3 26. Be2 Qe4 27. Bd3 Qf3 1/2-1/2


[Site "https://www.chess.com"]

[Event "Titled Tuesday Blitz August 10 2021"]
[White "Perez Gormaz, Matias"]
[Black "Lashkin, Jegor"]
[WhiteFideId "3406342"]
[BlackFideId "13907808"]
[WhiteElo "2352"]
[BlackElo "2293"]
[Result "0-1"]
[Round "04"]
[TimeControl "180+1"]
[Date "2021.08.10"]
[WhiteClock "0:00:01"]
[BlackClock "0:00:08"]

1. e4 c5 2. Nf3 d6 3. d4 cxd4 4. Nxd4 Nf6 5. Nc3 a6 6. Bg5 e6 7. f4 Qb6 8. Nb3 Nbd7 9. Qf3 Qc7 10. O-O-O b5 11. Bd3 Bb7 12. a3 Be7 13. Rhe1 h6 14. Bh4 g5 15. fxg5 Ne5 16. Qf1 Nfd7 17. Kb1 hxg5 18. Bg3 Rc8 19. Nd4 Qa5 20. Nb3 Qc7 21. Nd4 Ba8 22. Nf3 Rb8 23. Na2 Qb6 24. Bf2 Qb7 25. Bd4 a5 26. c3 g4 27. Nxe5 dxe5 28. Bg1 b4 29. cxb4 axb4 30. Nxb4 Bxb4 31. axb4 Qxb4 32. Qe2 Bc6 33. Rc1 Ba4 34. Rc4 Qa5 35. Bc2 Bb5 36. Rd1 Bxc4 37. Qxc4 Qb4 38. Qa2 Nc5 39. g3 O-O 40. Bxc5 Qxc5 41. Qa4 Qc3 0-1


[Site "https://www.chess.com"]

[Event "Titled Tuesday Blitz August 10 2021"]
[White "Pichot, Alan"]
[Black "Sirosh, Ilja"]
[WhiteFideId "110973"]
[BlackFideId "4500458"]
[WhiteElo "2622"]
[BlackElo "2241"]
[Result "1-0"]
[Round "04"]
[TimeControl "180+1"]
[Date "2021.08.10"]
[WhiteClock "0:00:03"]
[BlackClock "0:00:02"]

1. d4 d5 2. c4 e6 3. Nf3 c5 4. Nc3 cxd4 5. Qxd4 Nc6 6. Qd1 d4 7. Ne4 f5 8. Ng3 e5 9. e4 f4 10. Nh5 g6 11. Nxf4 Bb4+ 12. Bd2 exf4 13. Bxb4 Nxb4 14. a3 Nc6 15. h3 Nf6 16. Bd3 O-O 17. O-O Qe7 18. e5 Nxe5 19. Re1 Nxf3+ 20. Qxf3 Qd6 21. b4 Be6 22. c5 Qd5 23. Qxf4 Nh5 24. Qc7 Rf7 25. Qe5 Qxe5 26. Rxe5 Nf4 27. Rd1 Rd8 28. Bf1 d3 29. Rd2 Rf5 30. Re4 Rf6 31. h4 Kf7 32. g3 Nh5 33. Rxd3 Rxd3 34. Bxd3 Bf5 35. Bc4+ Kf8 36. Rd4 Be6 37. Bd3 Ke7 38. Be4 Bc8 39. Kg2 Ng7 40. Rd2 Nf5 41. f4 Re6 42. Kf3 h5 43. Rd3 Ng7 44. Bd5 Re1 45. Re3+ Rxe3+ 46. Kxe3 Nf5+ 47. Kf2 b6 48. cxb6 axb6 49. a4 Kd6 50. Bf7 Ne7 51. Kf3 Bb7+ 52. Ke3 Bc6 53. a5 bxa5 54. bxa5 Kc5 55. f5 Nxf5+ 56. Kf4 Ne7 57. Kg5 Be4 58. Kf6 Kd6 59. a6 Bf5 60. a7 Be4 61. Kg5 Nf5 62. Bxg6 Nxg3 63. Bxe4 Nxe4+ 64. Kxh5 Nf6+ 65. Kg6 1-0


[Site "https://www.chess.com"]

[Event "Titled Tuesday Blitz August 10 2021"]
[White "Priasmoro, Novendra"]
[Black "Remizov, Yaroslav"]
[WhiteFideId "7105029"]
[BlackFideId "34134015"]
[WhiteElo "2309"]
[BlackElo "2339"]
[Result "1-0"]
[Round "04"]
[TimeControl "180+1"]
[Date "2021.08.10"]
[WhiteClock "0:01:06"]
[BlackClock "0:00:03"]

1. e4 c6 2. d4 d5 3. Nc3 dxe4 4. Nxe4 Nf6 5. Nxf6+ exf6 6. c3 Bd6 7. Bd3 O-O 8. Qc2 Re8+ 9. Ne2 h5 10. O-O h4 11. Bf4 h3 12. g3 Bg4 13. Bxd6 Qxd6 14. Rae1 Nd7 15. f3 Be6 16. Nf4 c5 17. Bh7+ Kf8 18. d5 Bxd5 19. Rd1 Nb6 20. c4 g6 21. cxd5 Qe5 22. Bxg6 Qe3+ 23. Kh1 fxg6 24. Qxg6 Nd7 25. Qh6+ Kg8 26. Qg6+ Kf8 27. Qh7 Ne5 28. Ne6+ Rxe6 29. dxe6 Qe2 30. Qxh3 Ke7 31. f4 Rh8 32. Qxh8 Qe4+ 33. Kg1 Qe3+ 34. Kg2 Qe4+ 35. Kg1 Qe3+ 36. Rf2 Nf3+ 37. Kf1 Nd4 38. Qg7+ Kxe6 39. Re1 1-0


[Site "https://www.chess.com"]

[Event "Titled Tuesday Blitz August 10 2021"]
[White "Rottenwohrer Suarez, Juan"]
[Black "Khusnutdinov, Rustam"]
[WhiteFideId "32068182"]
[BlackFideId "13701703"]
[WhiteElo "2158"]
[BlackElo "2571"]
[Result "0-1"]
[Round "04"]
[TimeControl "180+1"]
[Date "2021.08.10"]
[WhiteClock "0:00:03"]
[BlackClock "0:00:20"]

1. c4 e5 2. g3 Nc6 3. Bg2 Bc5 4. e3 a6 5. Ne2 Ba7 6. O-O d6 7. d4 h5 8. b4 h4 9. b5 axb5 10. cxb5 Nce7 11. dxe5 d5 12. Nf4 c6 13. Ba3 Nh6 14. bxc6 bxc6 15. Qc2 Bf5 16. Bxe7 Bxc2 17. Bxd8 Rxd8 18. Nd2 hxg3 19. hxg3 Ng4 20. Rac1 Ba4 21. e6 Bb5 22. Rfe1 Rh6 23. a4 d4 24. axb5 dxe3 25. Bxc6+ Kf8 26. fxe3 Rxd2 27. Ng2 Rxe6 28. Rcd1 Rxe3 29. Nxe3 Bxe3+ 30. Kh1 Rh2# 0-1


[Site "https://www.chess.com"]

[Event "Titled Tuesday Blitz August 10 2021"]
[White "Salinas Herrera, Pablo"]
[Black "Suder, Jakub"]
[WhiteFideId "3407128"]
[BlackFideId "1195310"]
[WhiteElo "2541"]
[BlackElo "2085"]
[Result "0-1"]
[Round "04"]
[TimeControl "180+1"]
[Date "2021.08.10"]
[WhiteClock "0:00:02"]
[BlackClock "0:00:07"]

1. d4 d5 2. Bf4 Nf6 3. e3 e6 4. Nf3 c5 5. Nbd2 Nc6 6. c3 Be7 7. Bd3 Nh5 8. Be5 Nxe5 9. Nxe5 g6 10. g4 Nf6 11. h4 Nd7 12. Nxd7 Bxd7 13. h5 g5 14. Qe2 h6 15. Nf3 Qb6 16. Ne5 Bd6 17. Nxd7 Kxd7 18. dxc5 Qxc5 19. O-O-O Rad8 20. Qf3 Ke7 21. Kb1 b5 22. Rhe1 b4 23. Rc1 Rb8 24. c4 d4 25. exd4 Qxd4 26. Re4 Qf6 27. Qe2 Bf4 28. Re1 Rhd8 29. c5 Rd4 30. c6 Rbd8 31. Rxd4 Qxd4 32. Be4 Qc5 33. Rd1 Rxd1+ 34. Qxd1 Qxf2 35. Qd7+ Kf6 36. Bc2 Qe3 37. Qd1 Qc5 38. Be4 a5 39. Bf3 a4 40. Be4 a3 41. Bd3 Qd4 42. Qe2 Qg1+ 43. Qf1 Qd4 44. Qe2 Qc5 45. Qc2 Qg1+ 0-1


[Site "https://www.chess.com"]

[Event "Titled Tuesday Blitz August 10 2021"]
[White "Sarana, Alexey"]
[Black "Moroni, Luca Jr"]
[WhiteFideId "24133795"]
[BlackFideId "865834"]
[WhiteElo "2646"]
[BlackElo "2491"]
[Result "0-1"]
[Round "04"]
[TimeControl "180+1"]
[Date "2021.08.10"]
[WhiteClock "0:00:09"]
[BlackClock "0:00:08"]

1. e4 e5 2. Nf3 Nc6 3. Bb5 a6 4. Ba4 Nf6 5. O-O Nxe4 6. d4 Be7 7. Re1 b5 8. Rxe4 d5 9. Nxe5 Nxe5 10. Rxe5 bxa4 11. b3 O-O 12. Nc3 Bd6 13. Rxd5 Bb7 14. Rh5 g6 15. Rh3 a3 16. d5 Re8 17. Be3 Bc8 18. Rh6 Be5 19. Bd4 Qg5 20. Bxe5 Qxe5 21. Qd2 Qf6 22. h4 Bg4 23. f3 Bf5 24. h5 Qb6+ 25. Kh1 Qe3 26. Qxe3 Rxe3 27. hxg6 Rxc3 28. gxf7+ Kxf7 29. Rc1 Bg6 30. Rh4 Rd8 31. Ra4 Rxd5 32. Rxa6 Rd2 33. Rxa3 Rcxc2 34. Rxc2 Rxc2 35. Ra5 Kf6 36. Kg1 Bf5 37. Kh2 h5 38. Kg3 Kg5 39. Kh2 h4 40. Ra8 h3 41. Rg8+ Kf4 42. a4 Rb2 43. a5 hxg2 44. a6 Ra2 45. Rxg2 Rxa6 46. Rg7 c6 47. Kg2 Ra2+ 48. Kf1 Kxf3 49. Ke1 Rb2 50. Rf7 Ke4 51. Rf6 Rc2 52. Kd1 Rc5 53. Kd2 Ke5 54. Rh6 Be6 55. Rh5+ Kd6 56. Rh6 Rb5 57. Kc2 Rxb3 58. Rxe6+ Kxe6 59. Kxb3 Kd5 60. Kb2 Kc4 61. Kc1 Kc3 62. Kd1 c5 63. Kc1 c4 64. Kb1 Kd2 65. Kb2 c3+ 66. Kb1 c2+ 67. Ka2 c1=Q 68. Kb3 Qb1+ 0-1


[Site "https://www.chess.com"]

[Event "Titled Tuesday Blitz August 10 2021"]
[White "Shahade, Gregory"]
[Black "Grischuk, Alexander"]
[WhiteFideId "2009064"]
[BlackFideId "4126025"]
[WhiteElo "2738"]
[BlackElo "2777"]
[Result "0-1"]
[Round "04"]
[TimeControl "180+1"]
[Date "2021.08.10"]
[WhiteClock "0:00:03"]
[BlackClock "0:00:04"]

1. e4 c5 2. Nf3 d6 3. d4 cxd4 4. Nxd4 Nf6 5. Nc3 a6 6. Be3 e5 7. Nb3 Be7 8. f3 Be6 9. Qd2 O-O 10. O-O-O a5 11. a4 Na6 12. g4 Nb4 13. Kb1 Rc8 14. g5 Ne8 15. f4 exf4 16. Bxf4 d5 17. exd5 Bg4 18. Be2 Bxe2 19. Qxe2 Nd6 20. h4 Qd7 21. Bxd6 Bxd6 22. Qb5 Qg4 23. Nd4 Be5 24. Nde2 Rfd8 25. Qxa5 b6 26. Qb5 Rc5 27. Qxb6 Rcc8 28. Qg1 Qc4 29. d6 g6 30. d7 Rb8 31. Qe3 Bg7 32. Rhf1 Na2 33. Ka1 Qb4 34. Rb1 Nxc3 35. Nxc3 Bxc3 36. Qxc3 Qxa4+ 37. Qa3 Qc6 38. Rf4 Ra8 39. Rb4 Rxa3+ 40. bxa3 Qxd7 41. a4 Qd2 42. a5 Qxc2 43. a6 Qc3+ 44. Ka2 Rd2+ 0-1


[Site "https://www.chess.com"]

[Event "Titled Tuesday Blitz August 10 2021"]
[White "Solon, Nathan"]
[Black "Sychev, Klementy"]
[WhiteFideId "2017229"]
[BlackFideId "4114060"]
[WhiteElo "2657"]
[BlackElo "2615"]
[Result "1/2-1/2"]
[Round "04"]
[TimeControl "180+1"]
[Date "2021.08.10"]
[WhiteClock "0:00:08"]
[BlackClock "0:00:05"]

1. d4 Nf6 2. c4 e6 3. g3 d5 4. Bg2 h6 5. Nf3 Bd6 6. O-O O-O 7. Nc3 Nc6 8. c5 Be7 9. Bf4 b6 10. cxb6 axb6 11. Rc1 Bd7 12. a3 Re8 13. Re1 Nh5 14. Bd2 f5 15. Nb5 Rf8 16. Rc3 Ra5 17. Qb3 Rxb5 18. Qxb5 Nb4 19. Qxb4 Bxb4 20. axb4 Bb5 21. Ne5 Nf6 22. Rec1 Ne8 23. e3 Kh7 24. Bf1 Bxf1 25. Kxf1 g6 26. Kg2 Rg8 27. Rc6 Qe7 28. b5 Rg7 29. Ra1 Nf6 30. Ra4 Ne4 31. Bb4 Qe8 32. Ra7 g5 33. Rcxc7 Rxc7 34. Rxc7+ Kg8 35. Nc6 Qh5 36. f3 Nf6 37. Rc8+ Kf7 38. Ne5+ Kg7 39. Rc7+ Kg8 40. Rc8+ Kh7 41. Rc7+ Kg8 42. Rf7 Nh7 43. Rb7 g4 44. fxg4 fxg4 45. Rb8+ Kg7 46. Rb7+ Kg8 47. Rxb6 Qf5 48. Rb8+ Kg7 49. Rb7+ Kg8 50. Rb8+ Kg7 51. Rb7+ Kg8 52. Rb8+ 1/2-1/2


[Site "https://www.chess.com"]